 Dungeon Crawl Stone Soup version 0.31-a0-699-g830162fb6c (webtiles) character file.

Game seed: 5110332816430753389

326 qw the Shooter (level 6, -4/38 HPs)
             Began as a Gargoyle Hunter on Sept 7, 2023.
             Slain by a kobold brigand
             ... wielding a +0 club
              (6 damage)
             ... in a sewer.
             The game lasted 00:01:14 (2614 turns).

qw the Shooter (Gargoyle Hunter)                    Turns: 2614, Time: 00:01:15

Health: -4/38      AC: 10    Str: 14    XL:     6   Next: 49%
Magic:  6/6        EV: 10    Int: 10    God:
Gold:   135        SH:  0    Dex: 15    Spells: 5/5 levels left

rFire   . . .        Y - +0 shortbow
rCold   . . .        (shield currently unavailable)
rNeg    + + .        g - +0 ring mail
rPois   inf          e - +0 helmet
rElec   +            (no cloak)
rCorr   .            (no gloves)
SInv    .            (no boots)
Will    +....        (no amulet)
Stlth   +            j - ring of positive energy
HPRegen 0.26/turn    k - ring of willpower
MPRegen 0.10/turn

%: no passive effects
@: no status effects
A: sickness immunity, AC +4, negative energy resistance 1, electricity
resistance, torment resistance 1, petrification resistance
a: no special abilities


You were in a sewer.
You visited 1 branch of the dungeon, and saw 3 of its levels.
You also visited: Sewer.

You collected 135 gold pieces.


Innate Abilities, Weirdness & Mutations

You are immune to sickness and miasma.
Your stone body is resilient. (AC +4)
You are immune to poison.
You resist negative energy. (rN+)
You are resistant to electric shocks. (rElec)
You are resistant to unholy torment.
You are immune to petrification.


   Skills:
 - Level 4.0 Fighting
 + Level 6.7 Ranged Weapons
 - Level 1.0 Armour
 - Level 1.5 Dodging
 - Level 1.1 Stealth


You had 5 spell levels left.
You didn't know any spells.
Your spell library was empty.

Inventory:

Hand Weapons
 Y - a +0 shortbow (weapon)
Armour
 e - a +0 helmet (worn)
 g - a +0 ring mail (worn)
Jewellery
 j - a ring of positive energy (left hand)
 k - a ring of willpower (right hand)
Scrolls
 a - a scroll of identify
 b - a scroll of teleportation {unknown}
Potions
 c - a potion of haste {unknown}
 d - 2 potions of brilliance {unknown}
 f - 2 potions of mutation {unknown}
 h - a potion of curing
 i - a potion of resistance {unknown}
 l - a potion of heal wounds {unknown}

Dungeon Overview and Level Annotations

Branches:
Dungeon (3/15)              Sewer (1/1)

Altars:


Message History

The kobold brigand hits you but does no damage.
The kobold hits you but does no damage.
You shoot an arrow.
The arrow hits the kobold brigand but does no damage.
The kobold brigand is heavily wounded.
The kobold hits you but does no damage.
The kobold brigand splashes around in the water.
The kobold brigand hits you but does no damage.
The kobold hits you but does no damage.
You shoot an arrow.
The arrow closely misses the kobold brigand.
The kobold misses you.
The kobold brigand splashes around in the water.
The kobold brigand hits you but does no damage.
The kobold hits you but does no damage.
You shoot an arrow.
The arrow closely misses the kobold brigand.
The kobold hits you with a +0 short sword.
The kobold brigand splashes around in the water.
The kobold brigand barely misses you.
The kobold hits you with a +0 short sword.
You shoot an arrow. The arrow hits the kobold brigand!
The kobold brigand is almost dead.
The kobold hits you with a +0 short sword.
The kobold brigand hits you with a +0 club.
The kobold brigand hits you with a +0 dagger.
The kobold hits you but does no damage. The kobold closely misses you.
The kobold brigand splashes around in the water.
You shoot an arrow. The arrow hits the kobold brigand.
The kobold brigand is almost dead.
The kobold brigand barely misses you. The kobold hits you but does no damage.
The kobold brigand hits you with a +0 club.
The kobold hits you but does no damage.
The kobold brigand hits you with a +0 dagger.
You shoot an arrow. The arrow hits the kobold brigand.
You kill the kobold brigand!
The kobold hits you but does no damage.
The kobold hits you with a +0 short sword.
The kobold brigand hits you with a +0 club.
You die...

##....~~~~~#....##
#....~~~~~~##...#
##.....~~~~~~##..#
#%...~~~~~~~~##..##
#.....~~~~~~~#....#
#.....~~~~~~~.....##
##...~~~~~~~~.~....#
#....~~~~~~~~~.K..#
#....~~~~~~~~~@)..#
##.))~~~~~~~~~KK..#
###)###~~~~~~###'##
#.....#~~~~~~ ....
#.....#~~~~~ .K...#
##...##~~~~~ ##...##
#.....#~~~~~ ....?
#..#.[#~~~~ !.#?!#
####### ### ###


You could see a kobold brigand and 2 kobolds.

Vanquished Creatures
  2 kobold brigands (Sewer)
  A scorpion (D:3)
  Jessica (D:3)
  2 adders (Sewer)
  6 river rats
  2 worms
  A dart slug (D:1)
  2 orcs (D:3)
  6 bats
  7 endoplasms
  2 giant cockroaches
  4 goblins
  3 hobgoblins (D:1)
  3 quokkas
  6 ball pythons
  3 frilled lizards
  18 kobolds
  29 rats
98 creatures vanquished.

Notes
Turn   | Place    | Note
-------+----------+-------------------------------------------
     0 | D:1      | qw the Gargoyle Hunter began the quest for the Orb.
     0 | D:1      | Reached XP level 1. HP: 12/12 MP: 1/1
     0 | D:1      | 0 ||| qw: Version: 0.3-a-76-g4403597
     0 | D:1      | 0 ||| qw: Game counter: 422
     0 | D:1      | 0 ||| qw: Melee chars always use a shield: true
     0 | D:1      | 0 ||| qw: God list: Okawaru
     0 | D:1      | 0 ||| qw: Allow faded altars: false
     0 | D:1      | 0 ||| qw: Do Orc after clearing Dungeon:15 true
     0 | D:1      | 0 ||| qw: Do second Lair branch before Depths: true
     0 | D:1      | 0 ||| qw: Lair rune preference: random
     0 | D:1      | 0 ||| qw: Goals: Normal
     0 | D:1      | 0 ||| PLANNING D:1-11
   200 | D:1      | Reached XP level 2. HP: 17/17 MP: 2/2
   280 | D:1      | Found a faded altar of an unknown god.
   586 | D:1      | Reached XP level 3. HP: 21/21 MP: 3/3
   703 | D:1      | Reached skill level 5 in Ranged Weapons
  1023 | D:1      | 1023 ||| UPGRADING to +0 helmet.
  1028 | D:1      | 1028 ||| UPGRADING to +0 ring mail.
  1038 | D:1      | 1038 ||| DROPPING +0 leather armour.
  1039 | D:1      | 1039 ||| DROPPING ring of wizardry.
  1040 | D:1      | 1040 ||| READING 2 scrolls labelled RUDUTT LOAT.
  1041 | D:1      | 1041 ||| DROPPING scroll of noise.
  1042 | D:1      | 1042 ||| DROPPING scroll of butterflies.
  1156 | D:2      | You fall into a shaft and drop 1 floor!
  1157 | D:3      | 1157 ||| PLANNING SEWER
  1179 | D:3      | Reached skill level 1 in Armour
  1315 | D:3      | Noticed a scorpion
  1329 | D:3      | Killed a scorpion
  1330 | D:3      | Reached XP level 4. HP: 22/29 MP: 4/4
  1540 | D:3      | Noticed Jessica
  1542 | D:3      | Killed Jessica
  1543 | D:3      | Reached XP level 5. HP: 33/33 MP: 5/5
  1735 | D:3      | 1735 ||| Stepping ~*~*~tactically~*~*~ (water).
  1804 | D:3      | Found a glowing drain.
  1814 | D:3      | 1814 ||| UPGRADING to ring of positive energy.
  1815 | D:3      | 1815 ||| UPGRADING to ring of willpower.
  1816 | D:3      | 1816 ||| READING 3 scrolls labelled BAW KIAH KEBB.
  1817 | D:3      | 1817 ||| READING 2 scrolls labelled LUEPSY UTSIDA.
  1818 | D:3      | 1818 ||| DRINKING 2 clear potions.
  1819 | D:3      | 1819 ||| DRINKING 2 fuming green potions.
  1865 | D:3      | 1865 ||| READING 2 scrolls of identify.
  1865 | D:3      | 1865 ||| IDENTIFYING bubbling sapphire potion
  1866 | D:3      | 1866 ||| DROPPING scroll of immolation.
  1867 | D:3      | 1867 ||| DROPPING potion of magic.
  1868 | D:3      | 1868 ||| DROPPING potion of lignification.
  1874 | Sewer    | Entered a sewer
  1983 | Sewer    | Noticed a kobold brigand
  1998 | Sewer    | Killed a kobold brigand
  1999 | Sewer    | Reached skill level 6 in Ranged Weapons
  1999 | Sewer    | Reached XP level 6. HP: 13/38 MP: 6/6
  2145 | Sewer    | HP: 5/38 [river rat (6)]
  2151 | Sewer    | HP: 3/38 [frilled lizard (1)]
  2286 | Sewer    | 2286 ||| Stepping ~*~*~tactically~*~*~ (water).
  2325 | Sewer    | 2325 ||| Stepping ~*~*~tactically~*~*~ (outnumbered).
  2370 | Sewer    | 2370 ||| Stepping ~*~*~tactically~*~*~ (water).
  2376 | Sewer    | 2376 ||| Stepping ~*~*~tactically~*~*~ (water).
  2596 | Sewer    | 2596 ||| Stepping ~*~*~tactically~*~*~ (outnumbered).
  2597 | Sewer    | 2597 ||| Stepping ~*~*~tactically~*~*~ (outnumbered).
  2613 | Sewer    | HP: 9/38 [kobold brigand/+0 club (2)]
  2613 | Sewer    | HP: 4/38 [kobold brigand/+0 dagger (5)]
  2614 | Sewer    | Slain by a kobold brigand

Levels and vault maps discovered:
D:1:      dpeg_cavernosity, layout_basic,
          shapermc_ecumenical_altar_mp_ritualfount, minmay_distorted
D:2:      layout_basic
D:3:      layout_basic, gup_sewer_entry_bubbles, uniq_jessica
Sewer:    sewer_minmay_treatment

Skill      XL: |  1  2  3  4  5 |
---------------+----------------+-----
Ranged Weapons | 5 6 |  6.7
Armour         | 1 |  1.0
Fighting       | 4 |  4.0
Dodging        | |  1.5
Stealth        | |  1.1

Action                     |  1- 3 |  4- 6 || total
---------------------------+-------+-------++-------
   Fire: Shortbow          |   130 |   212 ||   342
    Use: Scroll            |     1 |     3 ||     4
         Potion            |       |     2 ||     2
 Armour: Leather armour    |    29 |       ||    29
         Ring mail         |     8 |   145 ||   153
  Dodge: Dodged            |    47 |   103 ||   150

Table legend:
 A = Non-vault XP
 B = Vault XP
 C = Vault XP percentage of total XP
 D = Non-vault monster count
 E = Vault monster count
 F = Vault count percentage of total count
                 A         B        C        D         E       F
            +---------+---------+-------+---------+---------+-------
      Total |     155 |     412 |  72.7 |      38 |      60 |  61.2
            +---------+---------+-------+---------+---------+-------
        D:1 |      39 |       6 |  13.3 |      21 |       4 |  16.0
        D:2 |      11 |       0 |   0.0 |       6 |       0 |   0.0
        D:3 |     105 |      75 |  41.7 |      11 |       7 |  38.9
      Sewer |       0 |     331 | 100.0 |       0 |      49 | 100.0
            +---------+---------+-------+---------+---------+-------
